 Dungeon Crawl Stone Soup version 0.29-a0-925-g0a7a3d12f8 (webtiles) character file.

Game seed: 8318623880115839850

9505 hquester1 the Blocker (level 11, -6/99 HPs)
             Began as a Minotaur Fighter on July 28, 2022.
             Was a Follower of Okawaru.
             Mangled by a skeletal warrior
             ... wielding a +0 battleaxe
              (14 damage)
             ... on level 10 of the Dungeon.
             The game lasted 00:26:34 (10446 turns).

hquester1 the Blocker (Minotaur Fighter)           Turns: 10446, Time: 00:26:35

Health: -6/99      AC: 16    Str: 23    XL:     11   Next: 23%
Magic:  10/10      EV: 10    Int: 11    God:    Okawaru [*.....]
Gold:   555        SH: 12    Dex: 18    Spells: 10/10 levels left

rFire   . . .      SeeInvis .   H - +2 war axe
rCold   . . .      Faith    .   G - +0 kite shield
rNeg    . . .      Spirit   .   j - +0 plate armour
rPois   .          Reflect  .   (helmet restricted)
rElec   .          Harm     .   i - +1 cloak
rCorr   .          Rampage  .   (no gloves)
Will    .....                   (no boots)
Stlth   ..........              (no amulet)
HPRegen 0.26/turn               n - +6 ring of dexterity
MPRegen 0.12/turn               p - +6 ring of intelligence

@: studying Shields
A: horns 2, retaliatory headbutt
a: Renounce Religion, Heroism


You were on level 10 of the Dungeon.
You worshipped Okawaru.
Okawaru was aware of your devotion.
You visited 2 branches of the dungeon, and saw 11 of its levels.

You collected 555 gold pieces.

Inventory:

Hand Weapons
 H - a +2 war axe (weapon)
 I - a +0 morningstar
Armour
 i - a +1 cloak (worn)
 j - a +0 plate armour (worn)
 G - a +0 kite shield (worn)
Jewellery
 n - a +6 ring of dexterity (left hand)
 p - a +6 ring of intelligence (right hand)
Wands
 u - a wand of digging (5)
 y - a wand of polymorph (19)
 F - a wand of quicksilver (14)
Scrolls
 c - a scroll of brand weapon {unknown}
 e - 2 scrolls of noise
 f - 3 scrolls of blinking
 k - 5 scrolls of teleportation
 r - a scroll of enchant weapon
 s - 2 scrolls of vulnerability
 w - 3 scrolls of immolation
 D - 2 scrolls of magic mapping
Potions
 d - a potion of might
 g - 3 potions of lignification
 h - 2 potions of mutation
 l - 5 potions of curing
 m - 2 potions of haste
 o - a potion of resistance
 q - 2 potions of flight
 t - 2 potions of brilliance
 z - a potion of magic {unknown}
 B - a potion of cancellation
 C - a potion of invisibility {unknown}
 E - a potion of berserk rage {unknown}
Miscellaneous
 x - a phial of floods


   Skills:
 + Level 10.0 Fighting
 + Level 9.5 Axes
 + Level 9.9 Armour
 + Level 8.2 Dodging
 + Level 4.1 Stealth
 + Level 11.1 Shields


You had 10 spell levels left.
You didn't know any spells.
Your spell library contained the following spells:

 Spells                   Type           Power      Damage    Failure   Level
 Freeze                   Ice            0%         1d3       100%        1
 Slow                     Hex            0%         N/A       100%        1
 Ensorcelled Hibernation  Hex/Ice        0%         N/A       100%        2
 Poisonous Vapours        Pois/Air       0%         N/A       100%        2
 Confusing Touch          Hex            0%         N/A       100%        3
 Frozen Ramparts          Ice            0%         1d2       100%        3
 Gell's Gravitas          Tloc           0%         N/A       100%        3
 Ozocubu's Armour         Ice            0%         N/A       100%        3
 Spider Form              Tmut/Pois      0%         N/A       100%        3
 Teleport Other           Tloc           0%         N/A       100%        3
 Vampiric Draining        Necr           0%         2d6       100%        3
 Anguish                  Hex/Necr       0%         N/A       100%        4
 Corpse Rot               Necr/Pois/Air  0%         N/A       100%        4
 Hailstorm                Conj/Ice       0%         3d3       100%        4
 Dispersal                Tloc           0%         N/A       100%        6
 Ozocubu's Refrigeration  Ice            0%         4d5       100%        7


Dungeon Overview and Level Annotations

Branches:
Dungeon (10/15)            Temple (1/1) D:4             Orc (0/2) D:9
   Lair: D:8-11

Altars:
Ashenzari
Cheibriados
Dithmenos
Elyvilon
Fedhas
Gozag
Hepliaklqana
Kikubaaqudgha
Makhleb
Nemelex Xobeh
Okawaru
Qazlal
Ru
Sif Muna
Trog
Uskayaw
Vehumet
Wu Jian
Xom
Yredelemnul
Zin
The Shining One

Annotations:
D:9 2 transporters, mcwallace's ghost, novice VSSu


Innate Abilities, Weirdness & Mutations

You have a pair of horns on your head.
You reflexively headbutt those who attack you in melee.


Message History

You block the skeletal warrior's attack.
You hit the skeletal warrior.
You headbutt the skeletal warrior, but do no damage.
The skeletal warrior is lightly damaged.
You block the skeletal warrior's attack.
You hit the skeletal warrior but do no damage.
You headbutt the skeletal warrior, but do no damage.
The skeletal warrior hits you with a +0 battleaxe.
The skeletal warrior hits you with a +0 battleaxe!
* * * LOW HITPOINT WARNING * * *
You hit the skeletal warrior but do no damage.
Your headbutt misses the skeletal warrior.
The skeletal warrior completely misses you.
You hit the skeletal warrior but do no damage.
Your headbutt misses the skeletal warrior.
The skeletal warrior hits you with a +0 battleaxe.
* * * LOW HITPOINT WARNING * * *
You barely miss the skeletal warrior. You headbutt the skeletal warrior!
The skeletal warrior is lightly damaged.
The skeletal warrior barely misses you.
You slash the skeletal warrior!
The skeletal warrior is moderately damaged.
You block the skeletal warrior's attack.
You barely miss the skeletal warrior.
Your headbutt misses the skeletal warrior.
The skeletal warrior is moderately damaged.
You block the skeletal warrior's attack.
You hit the skeletal warrior.
The skeletal warrior is moderately damaged.
The skeletal warrior hits you with a +0 battleaxe!!
* * * LOW HITPOINT WARNING * * *
You closely miss the skeletal warrior.
You headbutt the skeletal warrior, but do no damage.
The skeletal warrior is moderately damaged.
You block the skeletal warrior's attack.
You hit the skeletal warrior but do no damage.
You headbutt the skeletal warrior, but do no damage.
The skeletal warrior is moderately damaged.
The skeletal warrior hits you with a +0 battleaxe!
You die...

#.......# #$..# #...# # #.###
######### #...# #........ ##
#...#.# #.####### .# #.....#
####.# # .# #.#######....# #
.# #.#.z@......########## .#
### #.#.##.##########..... .+
..####.#.#..# ..##.####
.######.#....#.#..# #.##.#
#.......#......#..# #.##.#
#.......#...#.....#.#####.##.#
...........###....#.....#.##.#
.....#....).......####.##.##.#
.....#..[#)).).#..........##.#


You could see a skeletal warrior.

Vanquished Creatures
  A two-headed ogre (D:9)
  Erica (D:9)
  3 skeletal warriors (D:10)
  Joseph (D:7)
  A kobold demonologist (D:8)
  A hornet (D:9)
  A shadow (D:10)
  A wyvern (D:10)
  6 yaks (D:10)
  2 steam dragons (D:8)
  Eustachio (D:4)
  3 sky beasts (D:7)
  A black bear (D:4)
  2 ice beasts (D:6)
  2 orc warriors
  3 ogres
  5 centaurs
  A phantom (D:5)
  3 kobold brigands
  3 bullfrogs
  2 necrophages
  5 scorpions
  A gnoll sergeant (D:9)
  12 wights
  3 killer bees (D:9)
  5 howler monkeys
  7 hounds
  4 jellies
  Crazy Yiuf (D:4)
  A gnoll bouda (D:3)
  4 orc priests
  An iron imp (D:8)
  6 orc wizards
  Natasha (thrice) (D:2)
  Robin (D:2)
  19 gnolls
  An adder (D:4)
  2 shadow imps
  3 white imps (D:6)
  5 ufetubi
  31 orcs
  8 ball pythons
  5 endoplasms
  4 giant cockroaches
  9 hobgoblins
  3 jackals (D:5)
  20 kobolds
  2 quokkas
  3 bats (D:1)
  4 frilled lizards
  12 goblins
  4 rats
233 creatures vanquished.

Vanquished Creatures (others)
  An orc wizard (D:4)
  2 demonic plants (D:1)
3 creatures vanquished.

Grand Total: 236 creatures vanquished

Notes
Turn   | Place    | Note
-------+----------+-------------------------------------------
     0 | D:1      | hquester1 the Minotaur Fighter began the quest for the Orb.
     0 | D:1      | Reached XP level 1. HP: 19/19 MP: 0/0
   158 | D:1      | Found a faded altar of an unknown god.
   158 | D:1      | Noticed an iron imp
   353 | D:1      | Reached XP level 2. HP: 27/27 MP: 1/1
   760 | D:1      | Reached skill level 4 in Shields
   939 | D:2      | Noticed Natasha
   945 | D:2      | Killed Natasha
   946 | D:2      | Reached skill level 1 in Dodging
   946 | D:2      | Reached XP level 3. HP: 32/33 MP: 2/2
   953 | D:2      | Noticed Robin
   971 | D:2      | Killed Robin
   972 | D:2      | Reached XP level 4. HP: 29/40 MP: 3/3
  1755 | D:3      | Reached XP level 5. HP: 47/47 MP: 4/4
  1808 | D:3      | Found a basalt altar of Yredelemnul.
  2230 | D:2      | Noticed Natasha
  2238 | D:2      | Killed Natasha
  2307 | D:2      | Noticed Natasha
  2315 | D:2      | Killed Natasha
  2370 | D:4      | Reached XP level 6. HP: 38/55 MP: 5/5
  2387 | D:4      | Reached skill level 5 in Fighting
  2387 | D:4      | Reached skill level 5 in Armour
  2387 | D:4      | Reached skill level 5 in Shields
  2467 | D:4      | Noticed Eustachio
  2481 | D:4      | Killed Eustachio
  2718 | D:4      | Reached XP level 7. HP: 61/61 MP: 6/6
  2768 | D:4      | Reached skill level 5 in Axes
  3284 | D:4      | Reached skill level 6 in Shields
  3705 | D:4      | Reached XP level 8. HP: 70/70 MP: 7/7
  4033 | D:4      | Found a staircase to the Ecumenical Temple.
  4040 | Temple   | Entered the Ecumenical Temple
  4259 | D:4      | Found a runed translucent door.
  4260 | D:4      | Noticed Crazy Yiuf
  4265 | D:4      | Killed Crazy Yiuf
  4303 | D:5      | Entered Level 5 of the Dungeon
  4435 | D:5      | Found a radiant altar of Vehumet.
  5339 | D:6      | Reached skill level 5 in Dodging
  5339 | D:6      | Reached skill level 7 in Shields
  5686 | D:6      | Found a hazy altar of Hepliaklqana.
  5740 | D:6      | Reached XP level 9. HP: 71/79 MP: 8/8
  6415 | D:7      | Noticed Joseph
  6432 | D:7      | Killed Joseph
  6982 | D:7      | Found a glowing golden altar of the Shining One.
  7109 | D:7      | Reached skill level 8 in Shields
  7303 | D:7      | Found a sparkling altar of Nemelex Xobeh.
  7446 | D:8      | Reached skill level 1 in Stealth
  7574 | D:8      | Found a broken altar of Ashenzari.
  7582 | D:8      | Found an opulent altar of Gozag.
  7601 | D:8      | Noticed a kobold demonologist
  7624 | D:8      | Noticed an ice devil
  7626 | D:8      | Killed a kobold demonologist
  7627 | D:8      | Reached XP level 10. HP: 90/90 MP: 9/9
  7636 | D:8      | Found a blossoming altar of Fedhas.
  7741 | D:8      | Found a snail-covered altar of Cheibriados.
  7929 | D:8      | Found a burning altar of Makhleb.
  8074 | D:9      | Found a staircase to the Orcish Mines.
  8250 | D:9      | Noticed Erica
  8261 | D:9      | Killed Erica
  8262 | D:9      | Reached skill level 9 in Shields
  8567 | D:9      | Found a transporter.
  8574 | D:9      | Noticed a fire dragon
  8575 | D:9      | Noticed a moth of wrath
  8592 | D:9      | Found a transporter.
  8601 | D:9      | Noticed mcwallace's ghost (novice VSSu)
  8633 | D:9      | Found a shimmering altar of Xom.
  8670 | D:9      | Noticed a two-headed ogre
  8681 | D:9      | Killed a two-headed ogre
  9076 | D:9      | Paralysed by a hornet for 3 turns
  9081 | D:9      | Reached skill level 10 in Shields
  9327 | D:10     | Entered Level 10 of the Dungeon
  9689 | D:10     | Found a shimmering blue altar of Sif Muna.
  9724 | D:10     | Found a hide-covered altar of Uskayaw.
  9951 | D:10     | Reached XP level 11. HP: 99/99 MP: 10/10
  9971 | D:10     | Found an iron altar of Okawaru.
 10002 | D:10     | Became a worshipper of Warmaster Okawaru
 10083 | D:10     | Noticed a skeletal warrior
 10085 | D:10     | Noticed a skeletal warrior
 10098 | D:10     | Killed a skeletal warrior
 10112 | D:10     | Killed a skeletal warrior
 10406 | D:10     | Noticed a skeletal warrior
 10407 | D:10     | Noticed a skeletal warrior
 10432 | D:10     | Killed a skeletal warrior
 10432 | D:10     | Reached * piety under Okawaru
 10433 | D:10     | Reached skill level 10 in Fighting
 10433 | D:10     | Reached skill level 11 in Shields
 10446 | D:10     | Mangled by a skeletal warrior

Illustrated notes

Levels and vault maps discovered:
D:1:      dpeg_arrival_snail, layout_basic,
          dreamdust_ecumenical_altar_sealed_demon
D:2:      layout_rooms, nrook_campfire, chequers_serial_rivers_marsh,
          uniq_robin, uniq_natasha
D:3:      layout_loops_ring, mainiacjoe_overflow_cross_hatched
D:4:      layout_cave_pools, minmay_temple_entry_nine_rooms,
          uniq_crazy_yiuf_cottage, uniq_eustachio
D:5:      layout_loops_corners, nicolae_vehumet_altar_sigil,
          minmay_misc_feat_roman
D:6:      layout_loops_cross, nicolae_hepliaklqana_hippocampus
D:7:      layout_loops_ring, tso_oasis_becter, nemelex_dance_club_becter,
          uniq_joseph
D:8:      layout_rooms, slow_altar_1, minitemple, makhleb_blood_cavern_becter,
          mainiacjoe_overflow_alcove_4, minmay_misc_feat_secret_circle,
          minmay_manual_mail
D:9:      layout_rooms, kennysheep_mini, orc_0_dummy,
          gammafunk_ghost_berserking_beasts, chequers_serial_rivers_small_3,
          uniq_erica
D:10:     layout_basic, mainiacjoe_overflow_six_doors_small,
          okawaru_ov_weapons_minmay, led_sif_pool, eino_house_with_fridge
Temple:   hellmonk_temple_beads

Skill      XL: |  1  2  3  4  5  6  7  8  9 10 11 |
---------------+----------------------------------+-----
Shields        | 4 5 6 7 8 10 11 | 11.1
Fighting       | 4 5 6 7 8 9 10 | 10.0
Axes           | 3 4 5 6 8 9 |  9.5
Armour         | 4 5 6 7 8 9 |  9.9
Dodging        | 1 2 3 4 5 6 7 8 |  8.2
Stealth        | 1 3 4 |  4.1

Action                   |  1- 3 |  4- 6 |  7- 9 | 10-12 || total
-------------------------+-------+-------+-------+-------++-------
Melee: War axe           |    76 |    86 |   323 |   220 ||   705
       Headbutt          |    11 |    15 |    71 |    61 ||   158
  Use: Scroll            |       |     3 |    11 |     4 ||    18
       Potion            |       |     1 |     2 |     2 ||     5
Armor: Scale mail        |     9 |       |       |       ||     9
       Plate armour      |    55 |    96 |   184 |    85 ||   420
Dodge: Dodged            |    18 |    34 |   118 |    83 ||   253
Block: Buckler           |    20 |    37 |    98 |    39 ||   194
       Kite shield       |       |       |       |    63 ||    63

Table legend: (Time is in decaauts)
 A = Elapsed time spent in this place.
 B = Non-inter-level travel time spent in this place.
 C = Inter-level travel time spent in this place.
 D = Time resting spent in this place.
 E = Time spent auto-exploring this place.
 F = Levels seen in this place.
 G = Mean time per level.
                   A        B        C        D        E       F      G
               +--------+--------+--------+--------+--------+-----+--------+
         Total |  10635 |  10277 |    358 |   1066 |   7008 |  11 |  966.8 |
       Dungeon |  10497 |  10158 |    339 |   1066 |   6917 |  10 | 1049.7 |
        Temple |    137 |    118 |     19 |      0 |     91 |   1 |  137.0 |
               +--------+--------+--------+--------+--------+-----+--------+

Top non-repeatable levels by time:
     D:4: 1554 daAuts
     D:9: 1266 daAuts
     D:3: 1151 daAuts
     D:7: 1142 daAuts
    D:10: 1136 daAuts
     D:6: 1043 daAuts
     D:5: 930 daAuts
     D:1: 924 daAuts
     D:8: 700 daAuts
     D:2: 647 daAuts
  Temple: 137 daAuts
